 Dungeon Crawl Stone Soup version 0.19.0-24-gb05acd6 (console) character file.

69 Jesseh the Magician (level 4, 0/33 HPs)
             Began as a Draconian Wizard on Nov 20, 2016.
             Killed by divine providence
             ... invoked by an orc priest
              (15 damage)
             ... on level 3 of the Dungeon.
             The game lasted 00:15:21 (1563 turns).

Jesseh the Magician (Draconian Wizard)              Turns: 1563, Time: 00:15:21

Health: 0/33       AC:  6    Str: 10    XL:     4   Next: 2%
Magic:  4/9        EV: 12    Int: 19    God:
Gold:   111        SH:  0    Dex:  9    Spells: 4 memorised, 1 level left

rFire  . . .     SeeInvis .     s - +2 dagger (elec)
rCold  . . .     Gourm    .     (armour unavailable)
rNeg   . . .     Faith    .     (no shield)
rPois  .         Spirit   .     a - +0 hat
rElec  .         Reflect  .     e - +0 cloak
rCorr  .         Harm     .     (no gloves)
MR     .....                    (no boots)
Stlth  ++........               (no amulet)
                                (no ring)
                                (no ring)

@: no status effects
A: unfitting armour, cold-blooded, AC +5
a: no special abilities


You were on level 3 of the Dungeon.
You were not hungry.

You visited 1 branch of the dungeon, and saw 3 of its levels.

You collected 111 gold pieces.

Inventory:

Hand Weapons
 o - a +1 dagger of electrocution
   (You took it off a kobold on level 2 of the Dungeon)
 s - a +2 dagger of electrocution (weapon)
   (You took it off a kobold on level 1 of the Dungeon)
Armour
 a - a +0 hat (worn)
 e - a +0 cloak (worn)
   (You found it on level 1 of the Dungeon)
Scrolls
 f - a scroll of remove curse
 g - a scroll of teleportation {unknown}
 h - 3 scrolls of identify {unknown}
 i - a scroll of enchant weapon
 j - a scroll of fear {unknown}
 l - a scroll of noise {unknown}
 m - a scroll of enchant armour {unknown}
 p - a scroll of fog {unknown}
 v - a scroll of blinking {unknown}
Potions
 k - 2 potions of flight {unknown}
 n - a potion of magic {unknown}
 r - a potion of agility {unknown}
 t - a potion of ambrosia {unknown}
Books
 b - a book of Minor Magic
Comestibles
 c - 3 bread rations
 d - a beef jerky
 q - 3 chunks of flesh
 u - a meat ration


   Skills:
 - Level 1.7 Dodging
 - Level 1.7 Stealth
 - Level 3.7 Spellcasting
 - Level 2.0 Conjurations
   Level 1.0 Summonings
 - Level 1.0 Translocations
 + Level 1.1 Air Magic
 + Level 1.4 Poison Magic


You had one spell level left.
You knew the following spells:

 Your Spells              Type           Power        Failure   Level  Hunger
a - Magic Dart            Conj           ##..         8%          1    None
b - Mephitic Cloud        Conj/Pois/Air  #.......     28%         3    ###....
c - Blink                 Tloc           N/A          17%         2    ##.....
d - Conjure Flame         Conj/Fire      #.......     34%         3    ###....


Dungeon Overview and Level Annotations

Branches:
Dungeon (3/15)

Altars:
Elyvilon
Ru
Vehumet
Xom


Innate Abilities, Weirdness & Mutations

Your plain brown scales are hard. (AC +5)
You cannot fit into any form of body armour.
You are cold-blooded and may be slowed by cold attacks.


Message History

The magic dart hits the goblin.
The goblin shouts!
Aim: a goblin (moderately wounded)
The magic dart hits the goblin.
The goblin hits you.
You hit the goblin.
There is a sudden explosion of sparks!
You kill the goblin!
You see here a goblin corpse.
You butcher the goblin corpse.
q - a chunk of flesh Eating a chunk of flesh.
You start eating the chunk of flesh.
Done exploring.
A kobold comes into view. It is wielding a club.
Aim: a kobold, wielding a club (hasn't noticed you)
The magic dart hits the kobold.
You kill the kobold!
You see here a club.
A leopard gecko comes into view.
Aim: a leopard gecko (clinging, hasn't noticed you)
The magic dart hits the leopard gecko.
The leopard gecko hisses angrily.
You closely miss the leopard gecko.
Your tail-slap misses the leopard gecko.
The leopard gecko barely misses you.
You closely miss the leopard gecko.
The leopard gecko bites you but does no damage.
The leopard gecko barely misses you.
You barely miss the leopard gecko.
You tail-slap the leopard gecko, but do no damage.
The leopard gecko bites you.
You hit the leopard gecko.
There is a sudden explosion of sparks!
You kill the leopard gecko!
You see here a leopard gecko corpse.
You butcher the leopard gecko corpse.
q - 2 chunks of flesh You see here a leopard gecko skeleton.
You see here 19 arrows.
There is an escape hatch in the floor here.
You slide downwards.
The hatch slams shut behind you. 2 bats come into view.
Found a flail and a grey potion.
Found a stone staircase leading up.
Aim: a bat (resting)
The magic dart hits the bat.
The bat closely misses you.
You barely miss the bat. The bat closely misses you.
The bat hits you but does no damage. The bat closely misses you.
Aim: a bat (severely wounded)
The magic dart hits the bat.
You kill the bat!
The bat misses you.
Aim: a bat The magic dart hits the bat.
You kill the bat!
You have reached level 4!
You feel stronger.
You see here a bat corpse.
You butcher the bat corpse.
q - 3 chunks of flesh (gained 1)
You can't see that place. [Stash: a flail] [the floor.]
k - 2 grey potions (gained 1)
You see here a leather armour.
A kobold, 2 orcs, an orc priest and a dart slug come into view.
The orc priest shouts!
The orc moves out of view. 2 orcs and an orc wizard come into view.
The orc wizard shouts!
The orc shouts! x3
The orc priest calls down the wrath of Beogh upon you.
Beogh smites you!
The orc shouts!
You hear a shout!
The orc wizard gestures wildly while chanting.
The orc wizard flickers and vanishes!
Deactivating autopickup; reactivate with Ctrl-A.
The kobold hits you.
The orc priest looks satisfied for a moment.
The orc priest miscasts a cantrip.
You see here a leather armour.
The orc throws a tomahawk.
The tomahawk hits you.
There is a stone staircase leading up, spattered with blood here.
You see here a tomahawk.
The orc throws a tomahawk.
The tomahawk closely misses you.
You see here a tomahawk.
Aim: a kobold The magic dart hits the kobold.
The kobold hits you but does no damage.
You hit the kobold.
You kill the kobold!
Aim: an orc, wielding a hand axe and wearing a leather armour The magic dart hits the orc.
Aim: an orc, wielding a hand axe and wearing a leather armour The magic dart hits the orc.
Aim: an orc, wielding a hand axe and wearing a leather armour (moderately wounded)
The magic dart hits the orc.
The orc closely misses you.
Aim: an orc, wielding a hand axe and wearing a leather armour (moderately wounded)
The magic dart hits the orc.
The orc priest calls upon Beogh to heal the orc.
The orc is healed somewhat.
The orc barely misses you.
You hit the orc. You tail-slap the orc.
The orc priest mumbles some strange prayers to Beogh against you.
Beogh smites you!
You die...

▒.▒.....▒▒▒▒▒
▒......[.▒▒.▒▒
▒........▒...▒▒.▒▒▒
▒......wo.....▒....
▒.▒.............▒
▒........oo....▒▒
▒▒▒.▒▒.....o▒▒)▒ ▒.
▒▒.▒.▒o▒▒.▒ ▒
..▒....d..▒▒.▒.▒
▒▒▒.▒............
▒.▒▒.▒▒▒▒▒▒.▒.▒ ▒
▒.▒ ▒.▒ ▒. ▒. .. .▒


You could see an orc priest, a dart slug and 4 orcs.

Vanquished Creatures
  An adder (D:2)
  An ooze (D:2)
  A worm (D:2)
  2 dart slugs (D:1)
  4 leopard geckos
  A giant cockroach (D:2)
  7 goblins
  5 hobgoblins
  A jackal (D:2)
  A quokka (D:2)
  8 bats
  A frilled lizard (D:2)
  6 kobolds
  4 rats
43 creatures vanquished.

Vanquished Creatures (others)
  A jackal (D:2)
  A quokka (D:2)
2 creatures vanquished.

Grand Total: 45 creatures vanquished

Notes
Turn   | Place    | Note
-------+----------+-------------------------------------------
     0 | D:1      | Jesseh the Draconian Wizard began the quest for the Orb.
     0 | D:1      | Reached XP level 1. HP: 14/14 MP: 4/4
   112 | D:1      | Found a shimmering altar of Xom.
   151 | D:1      | Reached XP level 2. HP: 18/20 MP: 3/6
   311 | D:1      | HP: 4/20 [dart slug/slug dart (4)]
   810 | D:1      | Reached skill level 2 in Conjurations
   810 | D:1      | Reached XP level 3. HP: 26/26 MP: 6/8
   895 | D:2      | Found a white marble altar of Elyvilon.
   958 | D:2      | Found a radiant altar of Vehumet.
   962 | D:2      | Found a sacrificial altar of Ru.
   970 | D:2      | Learned a level 3 spell: Mephitic Cloud
  1002 | D:2      | Learned a level 2 spell: Blink
  1014 | D:2      | Learned a level 3 spell: Conjure Flame
  1112 | D:2      | Reached skill level 1 in Poison Magic
  1319 | D:2      | Reached skill level 1 in Air Magic
  1526 | D:3      | Reached XP level 4. HP: 33/33 MP: 5/9
  1563 | D:3      | Killed from afar by an orc priest

Skill      XL: |  1  2  3 |
---------------+----------+-----
Conjurations   | 2 |  2.0
Poison Magic   | 1 |  1.4
Air Magic      | 1 |  1.1
Dodging        | |  1.7
Stealth        | |  1.7
Spellcasting   | |  3.7
Summonings     | |  1.0
Translocations | |  1.0

Action                   |  1- 3 |  4- 6 || total
-------------------------+-------+-------++-------
Melee: Hand axe          |    19 |       ||    19
       Dagger            |    51 |     2 ||    53
       Tailslap          |     4 |     1 ||     5
 Cast: Magic Dart        |    63 |     6 ||    69
  Use: Scroll            |     2 |       ||     2
 Stab: Distracted        |     1 |       ||     1
  Eat: Chunk             |     2 |       ||     2
Armor: Skin              |    16 |     1 ||    17
Dodge: Dodged            |    46 |     3 ||    49

Vault maps used:
D:1:      minmay_arrival_four_houses, kennysheep_flooded_box, xom_teletrap_fun
D:2:      elyvilon_altar_4, grunt_temple_overflow_open
D:3:      uniq_terence

Table legend:
 A = Turns spent in this place as a percentage of turns spent in the entire game.
 B = Non-inter-level travel turns spent in this place as a percentage of non-inter-level travel turns spent in the entire game.
 C = Inter-level travel turns spent in this place as a percentage of turns spent in this place.
 D = Turns resting spent in this place as a percentage of non-inter-level travel turns spent in this place.
 E = Turns spent auto-exploring this place as a percentage of non-inter-level travel turns spent in this place.
 F = Non-inter-level travel turns spent in this place divided by the number of levels of this place that you've seen.
                   A       B       C       D       E      F
               +-------+-------+-------+-------+-------+----------------------
         Total | 100.0 | 100.0 |   0.6 |   0.5 |   5.7 | 205.7
       Dungeon | 100.0 | 100.0 |   0.6 |   0.5 |   5.7 | 205.7
               +-------+-------+-------+-------+-------+----------------------

Table legend:
 A = Kills in this place as a percentage of kills in entire the game.
 B = Kills by you in this place as a percentage of kills by you in the entire game.
 C = Kills by friends in this place as a percentage of kills by friends in the entire game.
 D = Other kills in this place as a percentage of other kills in the entire game.
 E = Experience gained in this place as a percentage of experience gained in the entire game.
 F = Experience gained in this place divided by the number of levels of this place that you have seen.
                   A       B       C       D       E      F
               +-------+-------+-------+-------+-------+----------------------
         Total | 100.0 | 100.0 |  -nan |  -nan | 100.0 |  33.0
       Dungeon | 100.0 | 100.0 |  -nan |  -nan | 100.0 |  33.0
               +-------+-------+-------+-------+-------+----------------------
